 Dungeon Crawl Stone Soup version 0.27.0-1-g7a089689b8 (webtiles) character file.

Game seed: 3416008947401162744

13 Acheron the Ducker (level 2, 0/22 HPs)
             Began as a Human Gladiator on Aug 2, 2021.
             Succumbed to a goblin's poison
             ... on level 1 of the Dungeon.
             The game lasted 00:01:50 (340 turns).

Acheron the Ducker (Human Gladiator)                 Turns: 340, Time: 00:01:51

Health: 0/22       AC:  5    Str: 14    XL:     2   Next: 50%
Magic:  2/2        EV: 12    Int:  8    God:
Gold:   18         SH:  0    Dex: 14    Spells: 1/1 levels left

rFire    . . .     SeeInvis .   a - +0 war axe
rCold    . . .     Faith    .   (no shield)
rNeg     . . .     Spirit   .   b - +0 leather armour
rPois    .         Reflect  .   c - +0 helmet
rElec    .         Harm     .   (no cloak)
rCorr    .         Rampage  .   e - +0 pair of gloves
Will     .....                  (no boots)
Stlth    +.........             (no amulet)
HPRegen  0.07/turn              (no ring)
MPRegen  0.08/turn              (no ring)

@: lethally poisoned (0 -> -7)
A: no striking features
a: no special abilities


You were on level 1 of the Dungeon.
You visited 1 branch of the dungeon, and saw 2 of its levels.

You collected 18 gold pieces.

Inventory:

Hand Weapons
 a - a +0 war axe (weapon)
Missiles
 d - 3 throwing nets (quivered)
Armour
 b - a +0 leather armour (worn)
 c - a +0 helmet (worn)
 e - a +0 pair of gloves (worn)
Scrolls
 g - a scroll of blinking {unknown}
 h - a scroll of enchant weapon {unknown}
 i - 4 scrolls of teleportation {unknown}


   Skills:
 * Level 2.0 Fighting
 + Level 3.1 Axes
 * Level 2.1 Throwing
 * Level 0.4 Armour
 * Level 3.2 Dodging
 * Level 0.7 Stealth


You had one spell level left.
You didn't know any spells.
Your spell library was empty.

Dungeon Overview and Level Annotations

Branches:
Dungeon (2/15)

Altars:


Message History

The goblin hits you with a +0 dagger.
You barely miss the goblin. The goblin barely misses you.
You hit the goblin.
The goblin is heavily wounded.
The goblin barely misses you. x2
The goblin hits the bush but does no damage.
You hit the goblin.
The goblin is almost dead.
The goblin hits the bush but does no damage.
The bush is poisoned.
The goblin hits you but does no damage.
You hit the goblin.
The goblin is almost dead.
The goblin hits the bush but does no damage.
The goblin hits you but does no damage.
You slash the goblin!
You kill the goblin!
The ball python closely misses you. The ball python barely misses you.
You slash the ball python!
You kill the ball python!
You closely miss the goblin. The goblin misses you.
You closely miss the goblin.
The goblin hits you with a +2 dagger of venom.
You are poisoned.
The goblin hits you but does no damage.
You closely miss the goblin.
You feel very sick. The goblin hits you but does no damage.
You are lethally poisoned!
You hit the goblin.
The goblin is severely wounded.
You feel very sick.
The goblin hits you with a +2 dagger of venom.
You hit the goblin.
You kill the goblin!
* * * LOW HITPOINT WARNING * * *
You feel very sick.
It was a potion of magic.
Magic courses through your body.
* * * LOW HITPOINT WARNING * * *
You feel very sick.
You die...
PPPPPPP. #P.P.P..
P #P.P.P.P P.P #P.....P$. #P.PPPPPPP.P #P.......P.P PP.PP

##.## #@#
####.####
#.......#
#.##.##.#
#.##.##.#
#.##....#
#.#####.#
#.#####.#
#.....>.#


There were no monsters in sight!

Vanquished Creatures
  A ball python (D:1)
  A bat zombie (D:1)
  An endoplasm (D:1)
  5 goblins (D:1)
  A quokka (D:1)
  A bat (D:1)
  A rat (D:1)
11 creatures vanquished.

Notes
Turn   | Place    | Note
-------+----------+-------------------------------------------
     0 | D:1      | Acheron the Human Gladiator began the quest for the Orb.
     0 | D:1      | Reached XP level 1. HP: 16/16 MP: 1/1
    95 | D:1      | Reached XP level 2. HP: 19/22 MP: 2/2
   292 | D:1      | You fall into a shaft and drop 1 floor!
   339 | D:1      | HP: 1/22 [poisoned by a goblin]
   340 | D:1      | Succumbed to a goblin's poison

Illustrated notes

Levels and vault maps discovered:
D:1:      saegor_arrival_fortress, layout_loops_ring, minmay_hedge_maze
D:2:      layout_basic, serial_shops, nicolae_lakefront_shop, uniq_natasha,
          uniq_crazy_yiuf_cottage

Action                   || total
-------------------------++-------
Melee: War axe           ||    34
  Use: Potion            ||     1
Armor: Leather armour    ||    13
Dodge: Dodged            ||    25
